Workbook

Sheet January 2016
A1: Check Number | C1: Check Date | D1: Vendor Name | F1: Transaction Amount | T1: Description | U1: Account Name | V1: Department | W1: Division | X1: Object of Expenditure | Y1: Project Number
A2: 430692 | C2: 42374 | D2: BOB TOMES FORD | F2: 58.36 | T2: BLANKET PURCHASE ORDER | U2: AUTO MAINTENANCE | V2: EQUIPMENT SERVICES | W2: EQUIP SERV-SHARED | X2: BLANKET PURCHASE ORDER
F4: 975.87 | T4: EQUIP MAINT-AGRI/AUTO/IND | U4: AUTO MAINTENANCE | V4: EQUIPMENT SERVICES | W4: EQUIP SERV-SHARED | X4: EQUIP MAINT-AGRI/AUTO/IND
F5: -150 | T5: INV# 5458320 | U5: AUTO MAINTENANCE | V5: EQUIPMENT SERVICES | W5: EQUIP SERV-SHARED | X5: INV# 5458320
A6: 430980 | C6: 42388 | F6: 94.22 | T6: AUTO/TRUCK MAINT. ITEMS | U6: PARTS | X6: AUTO/TRUCK MAINT. ITEMS
F7: 190.52 | T7: BLANKET PURCHASE ORDER | U7: AUTO MAINTENANCE | V7: EQUIPMENT SERVICES | W7: EQUIP SERV-SHARED | X7: BLANKET PURCHASE ORDER
F11: -70.72 | T11: INV# 5460003 | U11: AUTO MAINTENANCE | V11: EQUIPMENT SERVICES | W11: EQUIP SERV-SHARED | X11: INV# 5460003
F12: 70.72 | T12: INV# 5460140 | U12: AUTO MAINTENANCE | V12: EQUIPMENT SERVICES | W12: EQUIP SERV-SHARED | X12: INV# 5460140
A13: 431556 | C13: 42395 | F13: 382.31 | T13: BLANKET PURCHASE ORDER | U13: AUTO MAINTENANCE | V13: EQUIPMENT SERVICES | W13: EQUIP SERV-SHARED | X13: BLANKET PURCHASE ORDER
L20: =SUM(hList_Frame_1!B1:B17) -> 1551.28
A22: 430693 | C22: 42374 | D22: BOB BARKER COMPANY, INC | F22: 669.6 | T22: HOSPITAL SUNDRIES | U22: DETENTION SUPPLIES | V22: JUVENILE PROBATION | W22: JUV DET -ADMIN | X22: HOSPITAL SUNDRIES
A23: 430981 | C23: 42388 | F23: 609.27 | T23: CLOTHING AND APPAREL | U23: DETENTION SUPPLIES | V23: JUVENILE PROBATION | W23: JUV DET -ADMIN | X23: CLOTHING AND APPAREL
F24: 682.61 | T24: PERSONAL HYGIENE&GROOMING | U24: DETENTION SUPPLIES | V24: JUVENILE PROBATION | W24: JUV DET -ADMIN | X24: PERSONAL HYGIENE&GROOMING
F25: 563.25 | T25: TEXTILES/FIBERS/LINENS | U25: DETENTION SUPPLIES | V25: JUVENILE PROBATION | W25: JUV DET -ADMIN | X25: TEXTILES/FIBERS/LINENS
A26: 431557 | C26: 42395 | F26: 4500 | T26: HOSPITAL SUNDRIES | U26: KITCHEN SUPPLIES | V26: SHERIFF'S OFFICE | W26: JAIL OPS-ADMIN | X26: HOSPITAL SUNDRIES
L28: =SUM(hList_Frame_1!B18:B22) -> 7024.73
A30: 430982 | C30: 42388 | D30: ECOLAB INC | F30: 1039.8 | T30: BUTCHER/MEAT PROC. EQUIP. | U30: DETENTION SUPPLIES | V30: SHERIFF'S OFFICE | W30: JAIL OPS-ADMIN | X30: BUTCHER/MEAT PROC. EQUIP.
F31: 805.5 | T31: JANITORIAL SUPPLIES-GEN. | U31: DETENTION SUPPLIES | V31: SHERIFF'S OFFICE | W31: JAIL OPS-ADMIN | X31: JANITORIAL SUPPLIES-GEN.
W32: MINIMUM SECURITY
A33: 431558 | C33: 42395 | F33: 2510 | T33: JANITORIAL SUPPLIES-GEN. | U33: DETENTION SUPPLIES | V33: SHERIFF'S OFFICE | W33: JAIL OPS-ADMIN | X33: JANITORIAL SUPPLIES-GEN.
L35: =SUM(hList_Frame_1!B23:B26) -> 4355.3
A37: 430694 | C37: 42374 | D37: MATTHEW BENDER & CO INC | F37: 51.44 | T37: PUBLICATIONS/AUDIOVISUALS | U37: LIBRARY BOOKS | V37: JUSTICES OF THE PEACE | W37: JP4-ADMIN | X37: PUBLICATIONS/AUDIOVISUALS
Q39: =SUM(hList_Frame_1!B27:B27) -> 51.44
A41: 430695 | C41: 42374 | D41: GIBBS, GREGG M PC | F41: 1200 | T41: 469-54511-07 | U41: COURT APPOINTED ATTORNEY | V41: COURT APPT REPRESENTATION | W41: COURT APPT REPRESENTATION | X41: 469-54511-07 | Y41: ID469O
A42: 430983 | C42: 42388 | F42: 975 | T42: 417-56421-13 | U42: COURT APPOINTED ATTORNEY | V42: COURT APPT REPRESENTATION | W42: COURT APPT REPRESENTATION | X42: 417-56421-13 | Y42: ID417A
L44: =SUM(hList_Frame_1!B28:B29) -> 2175
A46: 430984 | C46: 42388 | D46: POLLOCK PAPER DISTRIBUTORS | F46: 1169.4 | T46: JANITORIAL SUPPLIES-GEN. | U46: JANITORIAL SUPPLIES | V46: SHERIFF'S OFFICE | W46: JAIL OPS-ADMIN | X46: JANITORIAL SUPPLIES-GEN.
A47: 431559 | C47: 42395 | F47: 145 | T47: JANITORIAL SUPPLIES-GEN. | U47: JANITORIAL SUPPLIES | X47: JANITORIAL SUPPLIES-GEN.
L49: =SUM(hList_Frame_1!B30:B31) -> 1314.4
A51: 430985 | C51: 42388 | D51: RODENBAUGH'S INC | F51: 428.54 | T51: EQUIP MAINT-GENERAL EQUIP | U51: EQUIPMENT MAINTENANCE | V51: FACILITIES & PARKS | W51: BUILD SUP-SHARED | X51: EQUIP MAINT-GENERAL EQUIP | Y51: B03001
U52: HVAC MAINTENANCE | V52: FACILITIES & PARKS | W52: BUILD SUP-SHARED | Y52: B17001
N54: =SUM(hList_Frame_1!B32:B33) -> 428.54
A56: 430696 | C56: 42374 | D56: THOMASON TIRE INC | F56: 2295 | T56: EQUIP MAINT-AGRI/AUTO/IND | U56: HEAVY EQUIPMENT REPAIR | V56: EQUIPMENT SERVICES | W56: EQUIP SERV-SHARED | X56: EQUIP MAINT-AGRI/AUTO/IND
A57: 430986 | C57: 42388 | F57: 440 | T57: BLANKET PURCHASE ORDER | U57: HEAVY EQUIPMENT REPAIR | V57: EQUIPMENT SERVICES | W57: EQUIP SERV-SHARED | X57: BLANKET PURCHASE ORDER
L61: =SUM(hList_Frame_1!B34:B37) -> 2735
A63: 430987 | C63: 42388 | D63: TX STATE DIRECTORY | F63: 88.4 | T63: PUBLICATIONS/AUDIOVISUALS | U63: DUES & SUBSCRIPTIONS | V63: TAX ASSESSOR/COLLECTOR | W63: TAX A/C - ADMIN | X63: PUBLICATIONS/AUDIOVISUALS
Q65: =SUM(hList_Frame_1!B38:B38) -> 88.4
A67: 430697 | C67: 42374 | D67: WEST PUBLISHING CORPORATION | F67: 64 | T67: PUBLICATIONS/AUDIOVISUALS | U67: LIBRARY BOOKS | V67: JUSTICES OF THE PEACE | W67: JP4-ADMIN | X67: PUBLICATIONS/AUDIOVISUALS
A68: 430698 | C68: 42374 | F68: 235 | T68: PUBLICATIONS/AUDIOVISUALS | U68: DUES & SUBSCRIPTIONS | V68: COUNTY CLERK | W68: COUNTY CLERK-ADMIN | X68: PUBLICATIONS/AUDIOVISUALS
A69: 430699 | C69: 42374 | F69: 45 | T69: PUBLICATIONS/AUDIOVISUALS | U69: DUES & SUBSCRIPTIONS | V69: UNALLOCATED | W69: NON-DEPARTMENTAL | X69: PUBLICATIONS/AUDIOVISUALS
A70: 430700 | C70: 42374 | F70: 9932.5 | T70: PUBLICATIONS/AUDIOVISUALS | U70: LIBRARY UPDATES | V70: BUDGET | W70: LAW LIBRARY-ADMIN | X70: PUBLICATIONS/AUDIOVISUALS
A71: 430988 | C71: 42388 | F71: 3107.04 | T71: BLANKET PURCHASE ORDER | U71: LIBRARY BOOKS | V71: DISTRICT ATTORNEY | W71: DA-ADMIN | X71: BLANKET PURCHASE ORDER
F72: 103 | T72: PUBLICATIONS/AUDIOVISUALS | U72: DUES & SUBSCRIPTIONS | V72: UNALLOCATED | W72: NON-DEPARTMENTAL | X72: PUBLICATIONS/AUDIOVISUALS
A74: 430989 | C74: 42388 | F74: 4988.24 | T74: BLANKET PURCHASE ORDER | U74: COMMUNICATION LINE LEASE | V74: BUDGET | W74: LAW LIBRARY-ADMIN | X74: BLANKET PURCHASE ORDER
A75: 430990 | C75: 42388 | F75: 4374.75 | T75: BLANKET PURCHASE ORDER | U75: LIBRARY UPDATES | V75: BUDGET | W75: LAW LIBRARY-ADMIN | X75: BLANKET PURCHASE ORDER
A76: 431560 | C76: 42395 | F76: 102 | T76: PUBLICATIONS/AUDIOVISUALS | U76: DUES & SUBSCRIPTIONS | V76: JUSTICES OF THE PEACE | W76: JP2-ADMIN | X76: PUBLICATIONS/AUDIOVISUALS
V77: UNALLOCATED | W77: NON-DEPARTMENTAL
A78: 431561 | C78: 42395 | F78: 448 | T78: PUBLICATIONS/AUDIOVISUALS | U78: DUES & SUBSCRIPTIONS | V78: TAX ASSESSOR/COLLECTOR | W78: TAX A/C - ADMIN | X78: PUBLICATIONS/AUDIOVISUALS
J80: =SUM(hList_Frame_1!B39:B50) -> 23399.53
A82: 431562 | C82: 42395 | D82: PLANO POWER EQUIPMENT | F82: 25.36 | T82: BLANKET PURCHASE ORDER | U82: GROUNDS EQUIPMENT MAINT | V82: EQUIPMENT SERVICES | W82: EQUIP SERV-SHARED | X82: BLANKET PURCHASE ORDER
Q84: =SUM(hList_Frame_1!B51:B51) -> 25.36
A86: 430701 | C86: 42374 | D86: GEBO CREDIT CORPORATION | F86: 16.99 | T86: BLANKET PURCHASE ORDER | U86: AUTO MAINTENANCE | V86: EQUIPMENT SERVICES | W86: EQUIP SERV-SHARED | X86: BLANKET PURCHASE ORDER
Q88: =SUM(hList_Frame_1!B52:B52) -> 16.99
A90: 430702 | C90: 42374 | D90: BEN E KEITH DFW | F90: 5381.84 | T90: EDIBLE FOODS, STAPLE | U90: FOOD SUPPLIES | V90: JUVENILE PROBATION | W90: JUV DET -ADMIN | X90: EDIBLE FOODS, STAPLE
U91: JAIL FOOD
U92: MINIMUM SECURITY FOOD
F94: 1326.64 | T94: FOODS, PERISHABLE | U94: JAIL FOOD | X94: FOODS, PERISHABLE
U95: MINIMUM SECURITY FOOD
F97: 1539.02 | T97: FOODS, READY-TO-EAT | U97: JAIL FOOD | X97: FOODS, READY-TO-EAT
U98: MINIMUM SECURITY FOOD
F100: 443.84 | T100: PAPER/PLASTIC, DISPOSABLE | U100: JAIL FOOD | X100: PAPER/PLASTIC, DISPOSABLE
U101: MINIMUM SECURITY FOOD
A102: 430991 | C102: 42388 | F102: 4047.18 | T102: EDIBLE FOODS, STAPLE | U102: JAIL FOOD | X102: EDIBLE FOODS, STAPLE
U103: MINIMUM SECURITY FOOD
F104: 1788.04 | T104: FOODS, PERISHABLE | U104: JAIL FOOD | X104: FOODS, PERISHABLE
U105: MINIMUM SECURITY FOOD
F106: 564.45 | T106: FOODS, READY-TO-EAT | U106: JAIL FOOD | X106: FOODS, READY-TO-EAT
U107: MINIMUM SECURITY FOOD
A108: 431564 | C108: 42395 | F108: 51.7 | T108: CAFETERIA/KITCHEN EQUIP. | U108: JAIL FOOD | X108: CAFETERIA/KITCHEN EQUIP.
F109: 14224.39 | T109: EDIBLE FOODS, STAPLE | U109: JAIL FOOD | X109: EDIBLE FOODS, STAPLE
U112: MINIMUM SECURITY FOOD
F114: 4592.97 | T114: FOODS, PERISHABLE | U114: JAIL FOOD | X114: FOODS, PERISHABLE
U117: MINIMUM SECURITY FOOD
F119: 2986.23 | T119: FOODS, READY-TO-EAT | U119: JAIL FOOD | X119: FOODS, READY-TO-EAT
U123: MINIMUM SECURITY FOOD
J126: =SUM(hList_Frame_1!B53:B87) -> 36946.3
A128: 431565 | C128: 42395 | D128: ROMCO EQUIPMENT CO | F128: 466.81 | T128: BLANKET PURCHASE ORDER | U128: HEAVY EQUIPMENT REPAIR | V128: EQUIPMENT SERVICES | W128: EQUIP SERV-SHARED | X128: BLANKET PURCHASE ORDER
N130: =SUM(hList_Frame_1!B88:B88) -> 466.81
A132: 431883 | C132: 42398 | D132: TX LAWYER | F132: 419.88 | T132: REPLACES CK 431684 | U132: DUES & SUBSCRIPTIONS | V132: DISTRICT COURTS | W132: 366TH DC-ADMIN | X132: REPLACES CK 431684
N134: =SUM(hList_Frame_1!B89:B89) -> 419.88
A136: 430703 | C136: 42374 | D136: ALFORD INSURANCE AGENCY | F136: 71 | T136: FINANCIAL/ACCOUNTANCY SER | U136: NOTARY BONDS | V136: UNALLOCATED | W136: NON-DEPARTMENTAL | X136: FINANCIAL/ACCOUNTANCY SER
A137: 430992 | C137: 42388 | F137: 14 | T137: MISC PROFESSIONAL SERVICE | U137: SPECIAL DELIVERY SERVICE | V137: BUDGET | W137: SUPPORT SERVICES - SHARED | X137: MISC PROFESSIONAL SERVICE
A138: 431566 | C138: 42395 | F138: 497 | T138: FINANCIAL/ACCOUNTANCY SER | U138: NOTARY BONDS | V138: UNALLOCATED | W138: NON-DEPARTMENTAL | X138: FINANCIAL/ACCOUNTANCY SER
N146: =SUM(hList_Frame_1!B90:B98) -> 582
A148: 430952 | C148: 42382 | D148: POSTMASTER MCKINNEY | F148: 225 | T148: REPLACES CK 430134 | U148: POSTAGE | V148: BUDGET | W148: SUPPORT SERVICES - SHARED | X148: REPLACES CK 430134
A149: 430953 | C149: 42382 | F149: 700 | T149: REPLACES CK 430134 | U149: POSTAGE | V149: BUDGET | W149: SUPPORT SERVICES - SHARED | X149: REPLACES CK 430134
N151: =SUM(hList_Frame_1!B99:B100) -> 925
A153: 430993 | C153: 42388 | D153: C-C TROPHY & ENGRAVING INC | F153: 112.88 | T153: BLANKET PURCHASE ORDER | U153: SERVICE AWARDS | V153: HUMAN RESOURCES | W153: HR - SHARED | X153: BLANKET PURCHASE ORDER
A155: 431567 | C155: 42395 | F155: 224.5 | T155: BLANKET PURCHASE ORDER | U155: SERVICE AWARDS | V155: HUMAN RESOURCES | W155: HR - SHARED | X155: BLANKET PURCHASE ORDER
N159: =SUM(hList_Frame_1!B101:B105) -> 337.38
A161: 430994 | C161: 42388 | D161: GUARDIAN POWER CLEANING | F161: 1290 | T161: PO#181356 | U161: VENT-A-HOOD CERTIFICATION | V161: FACILITIES & PARKS | W161: BUILD SUP-SHARED | X161: PO#181356 | Y161: B21001
Y162: Y01000
L164: =SUM(hList_Frame_1!B106:B107) -> 1290
A166: 430704 | C166: 42374 | D166: KEMP, STACEY | F166: 185 | T166: meal per diem only | U166: TRAVEL ADVANCES | X166: meal per diem only
N168: =SUM(hList_Frame_1!B108:B108) -> 185
A170: 431568 | C170: 42395 | D170: BILYEU, BILL | F170: 862.49 | T170: b bilyeu-montgomery, tx | U170: EDUCATION & CONFERENCE | V170: ADMINISTRATIVE SERVICES | W170: ADMINISTRATIVE SERV-ADMIN | X170: b bilyeu-montgomery, tx
N172: =SUM(hList_Frame_1!B109:B109) -> 862.49
A174: 430709 | C174: 42374 | D174: OFFICE DEPOT | F174: 57.21 | T174: BLANKET PURCHASE ORDER | U174: OFFICE SUPPLIES | V174: FACILITIES & PARKS | W174: BUILD SUP - ADMIN | X174: BLANKET PURCHASE ORDER
F175: -19.99 | T175: INV #807454555001 | U175: OFFICE SUPPLIES | V175: ELECTIONS | W175: ELECTIONS-ADMIN | X175: INV #807454555001
F176: 5263.56 | T176: IR:PRINTER/PLOTTER/ACCESS | U176: CENTRAL SUPPLY | X176: IR:PRINTER/PLOTTER/ACCESS
...

Sheet hList_Frame_1
A1: =IF(ISBLANK('January 2016'!A2),"",IF(ISTEXT('January 2016'!A2),0,'January 2016'!A2)) -> 430692 | B1: =IF(ISBLANK('January 2016'!F2),"",IF(ISTEXT('January 2016'!F2),0,'January 2016'!F2)) -> 58.36
A2: =IF(ISBLANK('January 2016'!A3),"",IF(ISTEXT('January 2016'!A3),0,'January 2016'!A3)) | B2: =IF(ISBLANK('January 2016'!F3),"",IF(ISTEXT('January 2016'!F3),0,'January 2016'!F3))
A3: =IF(ISBLANK('January 2016'!A4),"",IF(ISTEXT('January 2016'!A4),0,'January 2016'!A4)) | B3: =IF(ISBLANK('January 2016'!F4),"",IF(ISTEXT('January 2016'!F4),0,'January 2016'!F4)) -> 975.87
A4: =IF(ISBLANK('January 2016'!A5),"",IF(ISTEXT('January 2016'!A5),0,'January 2016'!A5)) | B4: =IF(ISBLANK('January 2016'!F5),"",IF(ISTEXT('January 2016'!F5),0,'January 2016'!F5)) -> -150
A5: =IF(ISBLANK('January 2016'!A6),"",IF(ISTEXT('January 2016'!A6),0,'January 2016'!A6)) -> 430980 | B5: =IF(ISBLANK('January 2016'!F6),"",IF(ISTEXT('January 2016'!F6),0,'January 2016'!F6)) -> 94.22
A6: =IF(ISBLANK('January 2016'!A7),"",IF(ISTEXT('January 2016'!A7),0,'January 2016'!A7)) | B6: =IF(ISBLANK('January 2016'!F7),"",IF(ISTEXT('January 2016'!F7),0,'January 2016'!F7)) -> 190.52
A7: =IF(ISBLANK('January 2016'!A8),"",IF(ISTEXT('January 2016'!A8),0,'January 2016'!A8)) | B7: =IF(ISBLANK('January 2016'!F8),"",IF(ISTEXT('January 2016'!F8),0,'January 2016'!F8))
A8: =IF(ISBLANK('January 2016'!A9),"",IF(ISTEXT('January 2016'!A9),0,'January 2016'!A9)) | B8: =IF(ISBLANK('January 2016'!F9),"",IF(ISTEXT('January 2016'!F9),0,'January 2016'!F9))
A9: =IF(ISBLANK('January 2016'!A10),"",IF(ISTEXT('January 2016'!A10),0,'January 2016'!A10)) | B9: =IF(ISBLANK('January 2016'!F10),"",IF(ISTEXT('January 2016'!F10),0,'January 2016'!F10))
A10: =IF(ISBLANK('January 2016'!A11),"",IF(ISTEXT('January 2016'!A11),0,'January 2016'!A11)) | B10: =IF(ISBLANK('January 2016'!F11),"",IF(ISTEXT('January 2016'!F11),0,'January 2016'!F11)) -> -70.72
A11: =IF(ISBLANK('January 2016'!A12),"",IF(ISTEXT('January 2016'!A12),0,'January 2016'!A12)) | B11: =IF(ISBLANK('January 2016'!F12),"",IF(ISTEXT('January 2016'!F12),0,'January 2016'!F12)) -> 70.72
A12: =IF(ISBLANK('January 2016'!A13),"",IF(ISTEXT('January 2016'!A13),0,'January 2016'!A13)) -> 431556 | B12: =IF(ISBLANK('January 2016'!F13),"",IF(ISTEXT('January 2016'!F13),0,'January 2016'!F13)) -> 382.31
... A17: =IF(ISBLANK('January 2016'!A18),"",IF(ISTEXT('January 2016'!A18),0,'January 2016'!A18)) | B17: =IF(ISBLANK('January 2016'!F18),"",IF(ISTEXT('January 2016'!F18),0,'January 2016'!F18))
A18: =IF(ISBLANK('January 2016'!A22),"",IF(ISTEXT('January 2016'!A22),0,'January 2016'!A22)) -> 430693 | B18: =IF(ISBLANK('January 2016'!F22),"",IF(ISTEXT('January 2016'!F22),0,'January 2016'!F22)) -> 669.6
A19: =IF(ISBLANK('January 2016'!A23),"",IF(ISTEXT('January 2016'!A23),0,'January 2016'!A23)) -> 430981 | B19: =IF(ISBLANK('January 2016'!F23),"",IF(ISTEXT('January 2016'!F23),0,'January 2016'!F23)) -> 609.27
A20: =IF(ISBLANK('January 2016'!A24),"",IF(ISTEXT('January 2016'!A24),0,'January 2016'!A24)) | B20: =IF(ISBLANK('January 2016'!F24),"",IF(ISTEXT('January 2016'!F24),0,'January 2016'!F24)) -> 682.61
A21: =IF(ISBLANK('January 2016'!A25),"",IF(ISTEXT('January 2016'!A25),0,'January 2016'!A25)) | B21: =IF(ISBLANK('January 2016'!F25),"",IF(ISTEXT('January 2016'!F25),0,'January 2016'!F25)) -> 563.25
A22: =IF(ISBLANK('January 2016'!A26),"",IF(ISTEXT('January 2016'!A26),0,'January 2016'!A26)) -> 431557 | B22: =IF(ISBLANK('January 2016'!F26),"",IF(ISTEXT('January 2016'!F26),0,'January 2016'!F26)) -> 4500
A23: =IF(ISBLANK('January 2016'!A30),"",IF(ISTEXT('January 2016'!A30),0,'January 2016'!A30)) -> 430982 | B23: =IF(ISBLANK('January 2016'!F30),"",IF(ISTEXT('January 2016'!F30),0,'January 2016'!F30)) -> 1039.8
A24: =IF(ISBLANK('January 2016'!A31),"",IF(ISTEXT('January 2016'!A31),0,'January 2016'!A31)) | B24: =IF(ISBLANK('January 2016'!F31),"",IF(ISTEXT('January 2016'!F31),0,'January 2016'!F31)) -> 805.5
A25: =IF(ISBLANK('January 2016'!A32),"",IF(ISTEXT('January 2016'!A32),0,'January 2016'!A32)) | B25: =IF(ISBLANK('January 2016'!F32),"",IF(ISTEXT('January 2016'!F32),0,'January 2016'!F32))
A26: =IF(ISBLANK('January 2016'!A33),"",IF(ISTEXT('January 2016'!A33),0,'January 2016'!A33)) -> 431558 | B26: =IF(ISBLANK('January 2016'!F33),"",IF(ISTEXT('January 2016'!F33),0,'January 2016'!F33)) -> 2510
A27: =IF(ISBLANK('January 2016'!A37),"",IF(ISTEXT('January 2016'!A37),0,'January 2016'!A37)) -> 430694 | B27: =IF(ISBLANK('January 2016'!F37),"",IF(ISTEXT('January 2016'!F37),0,'January 2016'!F37)) -> 51.44
A28: =IF(ISBLANK('January 2016'!A41),"",IF(ISTEXT('January 2016'!A41),0,'January 2016'!A41)) -> 430695 | B28: =IF(ISBLANK('January 2016'!F41),"",IF(ISTEXT('January 2016'!F41),0,'January 2016'!F41)) -> 1200
A29: =IF(ISBLANK('January 2016'!A42),"",IF(ISTEXT('January 2016'!A42),0,'January 2016'!A42)) -> 430983 | B29: =IF(ISBLANK('January 2016'!F42),"",IF(ISTEXT('January 2016'!F42),0,'January 2016'!F42)) -> 975
A30: =IF(ISBLANK('January 2016'!A46),"",IF(ISTEXT('January 2016'!A46),0,'January 2016'!A46)) -> 430984 | B30: =IF(ISBLANK('January 2016'!F46),"",IF(ISTEXT('January 2016'!F46),0,'January 2016'!F46)) -> 1169.4
A31: =IF(ISBLANK('January 2016'!A47),"",IF(ISTEXT('January 2016'!A47),0,'January 2016'!A47)) -> 431559 | B31: =IF(ISBLANK('January 2016'!F47),"",IF(ISTEXT('January 2016'!F47),0,'January 2016'!F47)) -> 145
A32: =IF(ISBLANK('January 2016'!A51),"",IF(ISTEXT('January 2016'!A51),0,'January 2016'!A51)) -> 430985 | B32: =IF(ISBLANK('January 2016'!F51),"",IF(ISTEXT('January 2016'!F51),0,'January 2016'!F51)) -> 428.54
A33: =IF(ISBLANK('January 2016'!A52),"",IF(ISTEXT('January 2016'!A52),0,'January 2016'!A52)) | B33: =IF(ISBLANK('January 2016'!F52),"",IF(ISTEXT('January 2016'!F52),0,'January 2016'!F52))
A34: =IF(ISBLANK('January 2016'!A56),"",IF(ISTEXT('January 2016'!A56),0,'January 2016'!A56)) -> 430696 | B34: =IF(ISBLANK('January 2016'!F56),"",IF(ISTEXT('January 2016'!F56),0,'January 2016'!F56)) -> 2295
A35: =IF(ISBLANK('January 2016'!A57),"",IF(ISTEXT('January 2016'!A57),0,'January 2016'!A57)) -> 430986 | B35: =IF(ISBLANK('January 2016'!F57),"",IF(ISTEXT('January 2016'!F57),0,'January 2016'!F57)) -> 440
A36: =IF(ISBLANK('January 2016'!A58),"",IF(ISTEXT('January 2016'!A58),0,'January 2016'!A58)) | B36: =IF(ISBLANK('January 2016'!F58),"",IF(ISTEXT('January 2016'!F58),0,'January 2016'!F58))
A37: =IF(ISBLANK('January 2016'!A59),"",IF(ISTEXT('January 2016'!A59),0,'January 2016'!A59)) | B37: =IF(ISBLANK('January 2016'!F59),"",IF(ISTEXT('January 2016'!F59),0,'January 2016'!F59))
A38: =IF(ISBLANK('January 2016'!A63),"",IF(ISTEXT('January 2016'!A63),0,'January 2016'!A63)) -> 430987 | B38: =IF(ISBLANK('January 2016'!F63),"",IF(ISTEXT('January 2016'!F63),0,'January 2016'!F63)) -> 88.4
A39: =IF(ISBLANK('January 2016'!A67),"",IF(ISTEXT('January 2016'!A67),0,'January 2016'!A67)) -> 430697 | B39: =IF(ISBLANK('January 2016'!F67),"",IF(ISTEXT('January 2016'!F67),0,'January 2016'!F67)) -> 64
A40: =IF(ISBLANK('January 2016'!A68),"",IF(ISTEXT('January 2016'!A68),0,'January 2016'!A68)) -> 430698 | B40: =IF(ISBLANK('January 2016'!F68),"",IF(ISTEXT('January 2016'!F68),0,'January 2016'!F68)) -> 235
A41: =IF(ISBLANK('January 2016'!A69),"",IF(ISTEXT('January 2016'!A69),0,'January 2016'!A69)) -> 430699 | B41: =IF(ISBLANK('January 2016'!F69),"",IF(ISTEXT('January 2016'!F69),0,'January 2016'!F69)) -> 45
A42: =IF(ISBLANK('January 2016'!A70),"",IF(ISTEXT('January 2016'!A70),0,'January 2016'!A70)) -> 430700 | B42: =IF(ISBLANK('January 2016'!F70),"",IF(ISTEXT('January 2016'!F70),0,'January 2016'!F70)) -> 9932.5
A43: =IF(ISBLANK('January 2016'!A71),"",IF(ISTEXT('January 2016'!A71),0,'January 2016'!A71)) -> 430988 | B43: =IF(ISBLANK('January 2016'!F71),"",IF(ISTEXT('January 2016'!F71),0,'January 2016'!F71)) -> 3107.04
A44: =IF(ISBLANK('January 2016'!A72),"",IF(ISTEXT('January 2016'!A72),0,'January 2016'!A72)) | B44: =IF(ISBLANK('January 2016'!F72),"",IF(ISTEXT('January 2016'!F72),0,'January 2016'!F72)) -> 103
A45: =IF(ISBLANK('January 2016'!A73),"",IF(ISTEXT('January 2016'!A73),0,'January 2016'!A73)) | B45: =IF(ISBLANK('January 2016'!F73),"",IF(ISTEXT('January 2016'!F73),0,'January 2016'!F73))
A46: =IF(ISBLANK('January 2016'!A74),"",IF(ISTEXT('January 2016'!A74),0,'January 2016'!A74)) -> 430989 | B46: =IF(ISBLANK('January 2016'!F74),"",IF(ISTEXT('January 2016'!F74),0,'January 2016'!F74)) -> 4988.24
A47: =IF(ISBLANK('January 2016'!A75),"",IF(ISTEXT('January 2016'!A75),0,'January 2016'!A75)) -> 430990 | B47: =IF(ISBLANK('January 2016'!F75),"",IF(ISTEXT('January 2016'!F75),0,'January 2016'!F75)) -> 4374.75
A48: =IF(ISBLANK('January 2016'!A76),"",IF(ISTEXT('January 2016'!A76),0,'January 2016'!A76)) -> 431560 | B48: =IF(ISBLANK('January 2016'!F76),"",IF(ISTEXT('January 2016'!F76),0,'January 2016'!F76)) -> 102
A49: =IF(ISBLANK('January 2016'!A77),"",IF(ISTEXT('January 2016'!A77),0,'January 2016'!A77)) | B49: =IF(ISBLANK('January 2016'!F77),"",IF(ISTEXT('January 2016'!F77),0,'January 2016'!F77))
A50: =IF(ISBLANK('January 2016'!A78),"",IF(ISTEXT('January 2016'!A78),0,'January 2016'!A78)) -> 431561 | B50: =IF(ISBLANK('January 2016'!F78),"",IF(ISTEXT('January 2016'!F78),0,'January 2016'!F78)) -> 448
A51: =IF(ISBLANK('January 2016'!A82),"",IF(ISTEXT('January 2016'!A82),0,'January 2016'!A82)) -> 431562 | B51: =IF(ISBLANK('January 2016'!F82),"",IF(ISTEXT('January 2016'!F82),0,'January 2016'!F82)) -> 25.36
A52: =IF(ISBLANK('January 2016'!A86),"",IF(ISTEXT('January 2016'!A86),0,'January 2016'!A86)) -> 430701 | B52: =IF(ISBLANK('January 2016'!F86),"",IF(ISTEXT('January 2016'!F86),0,'January 2016'!F86)) -> 16.99
A53: =IF(ISBLANK('January 2016'!A90),"",IF(ISTEXT('January 2016'!A90),0,'January 2016'!A90)) -> 430702 | B53: =IF(ISBLANK('January 2016'!F90),"",IF(ISTEXT('January 2016'!F90),0,'January 2016'!F90)) -> 5381.84
A54: =IF(ISBLANK('January 2016'!A91),"",IF(ISTEXT('January 2016'!A91),0,'January 2016'!A91)) | B54: =IF(ISBLANK('January 2016'!F91),"",IF(ISTEXT('January 2016'!F91),0,'January 2016'!F91))
A55: =IF(ISBLANK('January 2016'!A92),"",IF(ISTEXT('January 2016'!A92),0,'January 2016'!A92)) | B55: =IF(ISBLANK('January 2016'!F92),"",IF(ISTEXT('January 2016'!F92),0,'January 2016'!F92))
A56: =IF(ISBLANK('January 2016'!A93),"",IF(ISTEXT('January 2016'!A93),0,'January 2016'!A93)) | B56: =IF(ISBLANK('January 2016'!F93),"",IF(ISTEXT('January 2016'!F93),0,'January 2016'!F93))
A57: =IF(ISBLANK('January 2016'!A94),"",IF(ISTEXT('January 2016'!A94),0,'January 2016'!A94)) | B57: =IF(ISBLANK('January 2016'!F94),"",IF(ISTEXT('January 2016'!F94),0,'January 2016'!F94)) -> 1326.64
A58: =IF(ISBLANK('January 2016'!A95),"",IF(ISTEXT('January 2016'!A95),0,'January 2016'!A95)) | B58: =IF(ISBLANK('January 2016'!F95),"",IF(ISTEXT('January 2016'!F95),0,'January 2016'!F95))
A59: =IF(ISBLANK('January 2016'!A96),"",IF(ISTEXT('January 2016'!A96),0,'January 2016'!A96)) | B59: =IF(ISBLANK('January 2016'!F96),"",IF(ISTEXT('January 2016'!F96),0,'January 2016'!F96))
A60: =IF(ISBLANK('January 2016'!A97),"",IF(ISTEXT('January 2016'!A97),0,'January 2016'!A97)) | B60: =IF(ISBLANK('January 2016'!F97),"",IF(ISTEXT('January 2016'!F97),0,'January 2016'!F97)) -> 1539.02
A61: =IF(ISBLANK('January 2016'!A98),"",IF(ISTEXT('January 2016'!A98),0,'January 2016'!A98)) | B61: =IF(ISBLANK('January 2016'!F98),"",IF(ISTEXT('January 2016'!F98),0,'January 2016'!F98))
A62: =IF(ISBLANK('January 2016'!A99),"",IF(ISTEXT('January 2016'!A99),0,'January 2016'!A99)) | B62: =IF(ISBLANK('January 2016'!F99),"",IF(ISTEXT('January 2016'!F99),0,'January 2016'!F99))
A63: =IF(ISBLANK('January 2016'!A100),"",IF(ISTEXT('January 2016'!A100),0,'January 2016'!A100)) | B63: =IF(ISBLANK('January 2016'!F100),"",IF(ISTEXT('January 2016'!F100),0,'January 2016'!F100)) -> 443.84
A64: =IF(ISBLANK('January 2016'!A101),"",IF(ISTEXT('January 2016'!A101),0,'January 2016'!A101)) | B64: =IF(ISBLANK('January 2016'!F101),"",IF(ISTEXT('January 2016'!F101),0,'January 2016'!F101))
... A87: =IF(ISBLANK('January 2016'!A124),"",IF(ISTEXT('January 2016'!A124),0,'January 2016'!A124)) | B87: =IF(ISBLANK('January 2016'!F124),"",IF(ISTEXT('January 2016'!F124),0,'January 2016'!F124))
A88: =IF(ISBLANK('January 2016'!A128),"",IF(ISTEXT('January 2016'!A128),0,'January 2016'!A128)) -> 431565 | B88: =IF(ISBLANK('January 2016'!F128),"",IF(ISTEXT('January 2016'!F128),0,'January 2016'!F128)) -> 466.81
A89: =IF(ISBLANK('January 2016'!A132),"",IF(ISTEXT('January 2016'!A132),0,'January 2016'!A132)) -> 431883 | B89: =IF(ISBLANK('January 2016'!F132),"",IF(ISTEXT('January 2016'!F132),0,'January 2016'!F132)) -> 419.88
A90: =IF(ISBLANK('January 2016'!A136),"",IF(ISTEXT('January 2016'!A136),0,'January 2016'!A136)) -> 430703 | B90: =IF(ISBLANK('January 2016'!F136),"",IF(ISTEXT('January 2016'!F136),0,'January 2016'!F136)) -> 71
A91: =IF(ISBLANK('January 2016'!A137),"",IF(ISTEXT('January 2016'!A137),0,'January 2016'!A137)) -> 430992 | B91: =IF(ISBLANK('January 2016'!F137),"",IF(ISTEXT('January 2016'!F137),0,'January 2016'!F137)) -> 14
A92: =IF(ISBLANK('January 2016'!A138),"",IF(ISTEXT('January 2016'!A138),0,'January 2016'!A138)) -> 431566 | B92: =IF(ISBLANK('January 2016'!F138),"",IF(ISTEXT('January 2016'!F138),0,'January 2016'!F138)) -> 497
A93: =IF(ISBLANK('January 2016'!A139),"",IF(ISTEXT('January 2016'!A139),0,'January 2016'!A139)) | B93: =IF(ISBLANK('January 2016'!F139),"",IF(ISTEXT('January 2016'!F139),0,'January 2016'!F139))
A94: =IF(ISBLANK('January 2016'!A140),"",IF(ISTEXT('January 2016'!A140),0,'January 2016'!A140)) | B94: =IF(ISBLANK('January 2016'!F140),"",IF(ISTEXT('January 2016'!F140),0,'January 2016'!F140))
A95: =IF(ISBLANK('January 2016'!A141),"",IF(ISTEXT('January 2016'!A141),0,'January 2016'!A141)) | B95: =IF(ISBLANK('January 2016'!F141),"",IF(ISTEXT('January 2016'!F141),0,'January 2016'!F141))
A96: =IF(ISBLANK('January 2016'!A142),"",IF(ISTEXT('January 2016'!A142),0,'January 2016'!A142)) | B96: =IF(ISBLANK('January 2016'!F142),"",IF(ISTEXT('January 2016'!F142),0,'January 2016'!F142))
A97: =IF(ISBLANK('January 2016'!A143),"",IF(ISTEXT('January 2016'!A143),0,'January 2016'!A143)) | B97: =IF(ISBLANK('January 2016'!F143),"",IF(ISTEXT('January 2016'!F143),0,'January 2016'!F143))
A98: =IF(ISBLANK('January 2016'!A144),"",IF(ISTEXT('January 2016'!A144),0,'January 2016'!A144)) | B98: =IF(ISBLANK('January 2016'!F144),"",IF(ISTEXT('January 2016'!F144),0,'January 2016'!F144))
A99: =IF(ISBLANK('January 2016'!A148),"",IF(ISTEXT('January 2016'!A148),0,'January 2016'!A148)) -> 430952 | B99: =IF(ISBLANK('January 2016'!F148),"",IF(ISTEXT('January 2016'!F148),0,'January 2016'!F148)) -> 225
A100: =IF(ISBLANK('January 2016'!A149),"",IF(ISTEXT('January 2016'!A149),0,'January 2016'!A149)) -> 430953 | B100: =IF(ISBLANK('January 2016'!F149),"",IF(ISTEXT('January 2016'!F149),0,'January 2016'!F149)) -> 700
A101: =IF(ISBLANK('January 2016'!A153),"",IF(ISTEXT('January 2016'!A153),0,'January 2016'!A153)) -> 430993 | B101: =IF(ISBLANK('January 2016'!F153),"",IF(ISTEXT('January 2016'!F153),0,'January 2016'!F153)) -> 112.88
A102: =IF(ISBLANK('January 2016'!A154),"",IF(ISTEXT('January 2016'!A154),0,'January 2016'!A154)) | B102: =IF(ISBLANK('January 2016'!F154),"",IF(ISTEXT('January 2016'!F154),0,'January 2016'!F154))
A103: =IF(ISBLANK('January 2016'!A155),"",IF(ISTEXT('January 2016'!A155),0,'January 2016'!A155)) -> 431567 | B103: =IF(ISBLANK('January 2016'!F155),"",IF(ISTEXT('January 2016'!F155),0,'January 2016'!F155)) -> 224.5
A104: =IF(ISBLANK('January 2016'!A156),"",IF(ISTEXT('January 2016'!A156),0,'January 2016'!A156)) | B104: =IF(ISBLANK('January 2016'!F156),"",IF(ISTEXT('January 2016'!F156),0,'January 2016'!F156))
A105: =IF(ISBLANK('January 2016'!A157),"",IF(ISTEXT('January 2016'!A157),0,'January 2016'!A157)) | B105: =IF(ISBLANK('January 2016'!F157),"",IF(ISTEXT('January 2016'!F157),0,'January 2016'!F157))
A106: =IF(ISBLANK('January 2016'!A161),"",IF(ISTEXT('January 2016'!A161),0,'January 2016'!A161)) -> 430994 | B106: =IF(ISBLANK('January 2016'!F161),"",IF(ISTEXT('January 2016'!F161),0,'January 2016'!F161)) -> 1290
A107: =IF(ISBLANK('January 2016'!A162),"",IF(ISTEXT('January 2016'!A162),0,'January 2016'!A162)) | B107: =IF(ISBLANK('January 2016'!F162),"",IF(ISTEXT('January 2016'!F162),0,'January 2016'!F162))
A108: =IF(ISBLANK('January 2016'!A166),"",IF(ISTEXT('January 2016'!A166),0,'January 2016'!A166)) -> 430704 | B108: =IF(ISBLANK('January 2016'!F166),"",IF(ISTEXT('January 2016'!F166),0,'January 2016'!F166)) -> 185
A109: =IF(ISBLANK('January 2016'!A170),"",IF(ISTEXT('January 2016'!A170),0,'January 2016'!A170)) -> 431568 | B109: =IF(ISBLANK('January 2016'!F170),"",IF(ISTEXT('January 2016'!F170),0,'January 2016'!F170)) -> 862.49
A110: =IF(ISBLANK('January 2016'!A174),"",IF(ISTEXT('January 2016'!A174),0,'January 2016'!A174)) -> 430709 | B110: =IF(ISBLANK('January 2016'!F174),"",IF(ISTEXT('January 2016'!F174),0,'January 2016'!F174)) -> 57.21
A111: =IF(ISBLANK('January 2016'!A175),"",IF(ISTEXT('January 2016'!A175),0,'January 2016'!A175)) | B111: =IF(ISBLANK('January 2016'!F175),"",IF(ISTEXT('January 2016'!F175),0,'January 2016'!F175)) -> -19.99
A112: =IF(ISBLANK('January 2016'!A176),"",IF(ISTEXT('January 2016'!A176),0,'January 2016'!A176)) | B112: =IF(ISBLANK('January 2016'!F176),"",IF(ISTEXT('January 2016'!F176),0,'January 2016'!F176)) -> 5263.56
A113: =IF(ISBLANK('January 2016'!A177),"",IF(ISTEXT('January 2016'!A177),0,'January 2016'!A177)) | B113: =IF(ISBLANK('January 2016'!F177),"",IF(ISTEXT('January 2016'!F177),0,'January 2016'!F177))
A114: =IF(ISBLANK('January 2016'!A178),"",IF(ISTEXT('January 2016'!A178),0,'January 2016'!A178)) | B114: =IF(ISBLANK('January 2016'!F178),"",IF(ISTEXT('January 2016'!F178),0,'January 2016'!F178)) -> 4346.33
A115: =IF(ISBLANK('January 2016'!A179),"",IF(ISTEXT('January 2016'!A179),0,'January 2016'!A179)) | B115: =IF(ISBLANK('January 2016'!F179),"",IF(ISTEXT('January 2016'!F179),0,'January 2016'!F179))
A116: =IF(ISBLANK('January 2016'!A180),"",IF(ISTEXT('January 2016'!A180),0,'January 2016'!A180)) | B116: =IF(ISBLANK('January 2016'!F180),"",IF(ISTEXT('January 2016'!F180),0,'January 2016'!F180))
A117: =IF(ISBLANK('January 2016'!A181),"",IF(ISTEXT('January 2016'!A181),0,'January 2016'!A181)) | B117: =IF(ISBLANK('January 2016'!F181),"",IF(ISTEXT('January 2016'!F181),0,'January 2016'!F181))
A118: =IF(ISBLANK('January 2016'!A182),"",IF(ISTEXT('January 2016'!A182),0,'January 2016'!A182)) | B118: =IF(ISBLANK('January 2016'!F182),"",IF(ISTEXT('January 2016'!F182),0,'January 2016'!F182))
A119: =IF(ISBLANK('January 2016'!A183),"",IF(ISTEXT('January 2016'!A183),0,'January 2016'!A183)) | B119: =IF(ISBLANK('January 2016'!F183),"",IF(ISTEXT('January 2016'!F183),0,'January 2016'!F183))
A120: =IF(ISBLANK('January 2016'!A184),"",IF(ISTEXT('January 2016'!A184),0,'January 2016'!A184)) | B120: =IF(ISBLANK('January 2016'!F184),"",IF(ISTEXT('January 2016'!F184),0,'January 2016'!F184))
A121: =IF(ISBLANK('January 2016'!A185),"",IF(ISTEXT('January 2016'!A185),0,'January 2016'!A185)) | B121: =IF(ISBLANK('January 2016'!F185),"",IF(ISTEXT('January 2016'!F185),0,'January 2016'!F185))
... A323: =IF(ISBLANK('January 2016'!A387),"",IF(ISTEXT('January 2016'!A387),0,'January 2016'!A387)) | B323: =IF(ISBLANK('January 2016'!F387),"",IF(ISTEXT('January 2016'!F387),0,'January 2016'!F387))
A324: =IF(ISBLANK('January 2016'!A391),"",IF(ISTEXT('January 2016'!A391),0,'January 2016'!A391)) -> 431575 | B324: =IF(ISBLANK('January 2016'!F391),"",IF(ISTEXT('January 2016'!F391),0,'January 2016'!F391)) -> 55.78
A325: =IF(ISBLANK('January 2016'!A395),"",IF(ISTEXT('January 2016'!A395),0,'January 2016'!A395)) -> 431002 | B325: =IF(ISBLANK('January 2016'!F395),"",IF(ISTEXT('January 2016'!F395),0,'January 2016'!F395)) -> 3923.04
A326: =IF(ISBLANK('January 2016'!A399),"",IF(ISTEXT('January 2016'!A399),0,'January 2016'!A399)) -> 431003 | B326: =IF(ISBLANK('January 2016'!F399),"",IF(ISTEXT('January 2016'!F399),0,'January 2016'!F399)) -> 30322
A327: =IF(ISBLANK('January 2016'!A403),"",IF(ISTEXT('January 2016'!A403),0,'January 2016'!A403)) -> 431532 | B327: =IF(ISBLANK('January 2016'!F403),"",IF(ISTEXT('January 2016'!F403),0,'January 2016'!F403)) -> 14576.66
...
